 Dungeon Crawl Stone Soup version 0.18-a0-1-gfac8111 (webtiles) character file.

21124 kae the Whirler (level 13, -19/93 HPs)
             Began as a Halfling Hunter on Oct 30, 2015.
             Was the Champion of Makhleb.
             Demolished by Maud
             ... wielding a +2 long sword of draining
              (23 damage)
             ... on level 3 of the Lair of Beasts.
             The game lasted 00:20:36 (16730 turns).

kae the Whirler (Halfling Hunter)                  Turns: 16730, Time: 00:20:36

Health: -19/93     AC: 16    Str: 12    XL:     13   Next: 17%
Magic:  0/23       EV: 12    Int: 10    God:    Makhleb [******]
Gold:   834        SH:  0    Dex: 20    Spells: 0 memorised, 12 levels left

rFire  . . .     SeeInvis .     a - +2 hunting sling
rCold  . . .     Clarity  .     M - +3 leather armour
rNeg   . . .     SustAt   .     (shield restricted)
rPois  .         Gourm    .     L - +2 hat
rElec  .         Spirit   +     r - +1 cloak {+Inv}
rCorr  .         Warding  .     N - +0 pair of gloves
rMut   .         Rnd*Tele +     (no boots)
MR     .....                    F - amulet of guardian spirit
Stlth  ++........               I - +5 ring of protection
                                S - ring of teleportation (curse)

@: very heavily drained, not resistant to hostile enchantments, unstealthy
A: mutation resistance 1
a: Minor Destruction, Lesser Servant of Makhleb, Major Destruction, Greater
Servant of Makhleb, Renounce Religion, Evoke Invisibility, Evoke Teleportation


You were on level 3 of the Lair of Beasts.
You worshipped Makhleb.
Makhleb was exalted by your worship.
You were very hungry.

You visited 3 branches of the dungeon, and saw 15 of its levels.
You also visited: Ossuary.

You collected 834 gold pieces.

Inventory:

Hand Weapons
 a - a +2 hunting sling (weapon)
 b - a +3 long sword
 t - a +0 short sword
Missiles
 g - 234 stones (quivered)
 B - 68 sling bullets
Armour
 r - a +1 cloak of invisibility (worn)
 L - a +2 hat (worn)
 M - a +3 leather armour (worn)
 N - a +0 pair of gloves (worn)
Jewellery
 i - an uncursed ring of magical power
 D - an uncursed ring of magical power
 F - an amulet of guardian spirit (around neck)
 I - a +5 ring of protection (right hand)
 S - a cursed ring of teleportation (left hand)
Wands
 c - a wand of digging (12)
 d - a wand of cold (8)
 v - a wand of confusion (33)
 G - a wand of teleportation (7)
 K - a wand of enslavement (3)
 O - a wand of cold (10)
 Q - a wand of digging (17)
 T - a wand of random effects (44)
 U - a wand of slowing (40)
 W - a wand of disintegration (9)
Scrolls
 j - 3 scrolls of fear
 m - 4 scrolls of immolation
 n - 9 scrolls of remove curse
 o - 9 scrolls of identify
 p - 6 scrolls of recharging
 y - 7 scrolls of teleportation
 A - a scroll of amnesia
 C - 5 scrolls of magic mapping
 H - a scroll of fog
 R - a scroll of enchant armour
Potions
 f - a potion of lignification
 h - 2 potions of ambrosia
 l - 9 potions of curing
 q - 2 potions of invisibility
 u - 4 potions of haste
 x - 2 potions of brilliance
 z - a potion of mutation
 E - 7 potions of heal wounds
 J - 3 potions of agility
 P - a potion of cure mutation
 V - a potion of berserk rage {unknown}
 X - a potion of flight {unknown}
Comestibles
 e - 10 bread rations
 k - 7 meat rations
 s - 11 fruits
 w - 8 beef jerkies
 Y - a slice of pizza


   Skills:
 - Level 10.3(6.6) Fighting
 - Level 16.1(11.8) Slings
 - Level 2.1(0.0) Dodging
 - Level 1.1(0.0) Stealth
 + Level 14.5(10.4) Invocations


You had 12 spell levels left.
You didn't know any spells.

Dungeon Overview and Level Annotations

Branches:
Dungeon (11/15)            Temple (1/1) D:5            Lair (3/8) D:11
    Orc (0/4) D:11
  Swamp: Lair:3-6    Shoals: Lair:3-6     Snake: Lair:3-6    Spider: Lair:3-6

Altars:
Ashenzari
Cheibriados
Dithmenos
Elyvilon
Fedhas
Gozag
Kikubaaqudgha
Makhleb
Nemelex Xobeh
Okawaru
Qazlal
Ru
Sif Muna
Trog
Vehumet
Xom
Yredelemnul
The Shining One

Shops:
D:11 :

Annotations:
D:6 exclusion: oklob plant
Lair:3 Maud


Innate Abilities, Weirdness & Mutations

You are small and have problems with some larger weapons.
You are somewhat resistant to further mutation.


Message History

You are too injured to fight recklessly!
You are too injured to fight recklessly!
You are too injured to fight recklessly!
You are too injured to fight recklessly!
You are too injured to fight recklessly!
You are too injured to fight recklessly!
You are too injured to fight recklessly!
You are too injured to fight recklessly!
You are too injured to fight recklessly!
You are too injured to fight recklessly!
You are too injured to fight recklessly!
You are too injured to fight recklessly!
You are too injured to fight recklessly!
You are too injured to fight recklessly!
You are too injured to fight recklessly!
Read which item? (? for menu, Esc to quit)
As you read the scroll of fear, it crumbles to dust.
You assume a fearsome visage.
Maud resists with some effort.
Maud hits you with a long sword of draining!!
You die...

## #####...####### ##
##(##..##.+#.##....
.(####.............#....
.((.#P........P.........
#((...................)
#.....(...............
#((.(...........#....
#.@(..........######
###@##.#...####
##########


You could see Maud.

Vanquished Creatures
  3 hydras
  Erica (Lair:2)
  A hill giant (D:10)
  Pikel (D:9)
  Maurice (D:9)
  4 spiny frogs
  An elephant (D:11)
  A gargoyle (D:11)
  The ghost of Uberwunderbarhen the Chopper, a novice OpFi (D:8)
  A troll (D:10)
  A two-headed ogre (D:9)
  7 blink frogs (Lair:3)
  Sigmund (D:6)
  A wraith (D:10)
  A hungry ghost (D:11)
  9 hippogriffs
  11 yaks
  Menkaure (D:7)
  A warg (D:11)
  3 water moccasins
  3 sky beasts
  4 slaves (D:9)
  9 porcupines
  4 phantoms
  3 orc warriors
  2 black bears
  2 ice beasts
  10 centaurs
  6 crocodiles
  6 big kobolds
  4 ogres
  A gnoll sergeant (D:8)
  A wyvern zombie (Ossuary)
  11 giant frogs
  2 scorpions
  4 wights (D:10)
  A water moccasin skeleton (D:5)
  4 killer bees (D:7)
  An electric eel (Lair:1)
  4 bog bodies (Ossuary)
  5 crimson imps
  6 giant frog zombies
  6 hounds
  3 centaur zombies
  A jelly (D:11)
  A wasp zombie (D:11)
  A gnoll shaman (D:5)
  A giant frog skeleton (D:5)
  7 orc priests
  2 centaur skeletons
  4 iguanas
  16 orc wizards
  8 worker ants
  6 sheep
  3 killer bee zombies
  3 hound zombies
  12 mummies (Ossuary)
  A worker ant zombie (Ossuary)
  9 gnolls
  5 river rats (Lair:1)
  7 adders
  An adder skeleton (D:4)
  A worm (D:3)
  7 giant geckos
  52 orcs
  2 ball pythons (D:2)
  3 giant cockroaches
  8 goblins
  9 hobgoblins
  13 jackals
  2 quokkas
  6 bats
  A giant cockroach zombie (Ossuary)
  3 giant newts
  21 kobolds
  A quokka zombie (Ossuary)
  8 rats
  3 fungi (Lair:3)
381 creatures vanquished.

Vanquished Creatures (collateral kills)
  Fannar (Lair:2)
  A cyclops (D:11)
  A komodo dragon (Lair:2)
  A basilisk (Lair:2)
  A porcupine (Lair:2)
5 creatures vanquished.

Vanquished Creatures (others)
  4 fungi (Lair:3)
  6 plants
10 creatures vanquished.

Grand Total: 396 creatures vanquished

Notes
Turn   | Place    | Note
--------------------------------------------------------------
     0 | D:1      | kae the Halfling Hunter began the quest for the Orb.
     0 | D:1      | Reached XP level 1. HP: 14/14 MP: 1/1
    87 | D:1      | Reached skill level 6 in Slings
   147 | D:1      | Reached XP level 2. HP: 19/19 MP: 2/2
   951 | D:2      | Reached skill level 7 in Slings
   951 | D:2      | Reached XP level 3. HP: 24/24 MP: 3/3
  2617 | D:4      | Reached XP level 4. HP: 29/29 MP: 4/4
  2628 | D:4      | Reached skill level 8 in Slings
  2647 | D:4      | Reached XP level 5. HP: 31/34 MP: 5/5
  2736 | D:4      | Noticed an ogre
  2741 | D:4      | Killed an ogre
  2741 | D:4      | Reached skill level 9 in Slings
  2965 | D:4      | Reached XP level 6. HP: 28/39 MP: 6/6
  2970 | D:4      | Reached skill level 10 in Slings
  3084 | D:4      | Noticed an ogre
  3097 | D:4      | Killed an ogre
  3415 | D:5      | Entered Level 5 of the Dungeon
  3706 | D:5      | Reached skill level 11 in Slings
  3706 | D:5      | Reached XP level 7. HP: 38/44 MP: 7/7
  3753 | D:5      | Found a staircase to the Ecumenical Temple.
  4170 | D:5      | Reached skill level 12 in Slings
  4324 | Temple   | Entered the Ecumenical Temple
  4398 | Temple   | Became a worshipper of Makhleb the Destroyer
  4834 | D:5      | Reached XP level 8. HP: 49/49 MP: 8/8
  4869 | D:6      | Noticed Sigmund
  5025 | D:5      | Reached * piety under Makhleb
  5148 | D:5      | Reached skill level 13 in Slings
  5734 | D:6      | Killed Sigmund
  5734 | D:6      | Reached skill level 14 in Slings
  5798 | D:6      | Found a sparkling altar of Nemelex Xobeh.
  5798 | D:6      | Noticed an oklob plant
  6001 | D:6      | Reached skill level 15 in Slings
  6001 | D:6      | Reached XP level 9. HP: 38/54 MP: 9/9
  6232 | D:6      | You fall through a shaft!
  6232 | D:7      | Found a white marble altar of Elyvilon.
  6325 | D:7      | Reached skill level 16 in Slings
  6608 | D:7      | Reached ** piety under Makhleb
  7518 | D:7      | Noticed Menkaure
  7526 | D:7      | Killed Menkaure
  7526 | D:7      | Reached skill level 5 in Fighting
  7901 | D:8      | Reached XP level 10. HP: 66/68 MP: 10/10
  7913 | D:8      | Reached *** piety under Makhleb
  8135 | D:8      | Found a sand-covered staircase.
  8140 | Ossuary  | Entered an ossuary
  8559 | Ossuary  | Reached **** piety under Makhleb
  8934 | D:8      | Found a deep blue altar of Sif Muna.
  8935 | D:8      | Found a shimmering altar of Xom.
  8936 | D:8      | Found a shadowy altar of Dithmenos.
  8936 | D:8      | Found a basalt altar of Yredelemnul.
  9207 | D:8      | Noticed Uberwunderbarhen's ghost (novice OpFi)
  9220 | D:8      | Killed Uberwunderbarhen's ghost
  9409 | D:9      | Noticed an orange demon
  9458 | D:9      | Noticed Maurice
  9468 | D:9      | Killed Maurice
  9527 | D:9      | Noticed Pikel
  9543 | D:9      | Killed Pikel
  9582 | D:9      | Reached XP level 11. HP: 81/81 MP: 11/11
  9657 | D:9      | Reached skill level 10 in Fighting
 10127 | D:9      | Found a sparkling altar of Nemelex Xobeh.
 10127 | D:9      | Found a radiant altar of Vehumet.
 10221 | D:9      | Found a sacrificial altar of Ru.
 10479 | D:10     | Entered Level 10 of the Dungeon
 10905 | D:10     | Reached ***** piety under Makhleb
 10926 | D:10     | Reached skill level 5 in Invocations
 11115 | D:10     | Noticed a hill giant
 11130 | D:10     | Killed a hill giant
 11943 | D:11     | Found an iron altar of Okawaru.
 12090 | D:11     | Noticed a cyclops
 12109 | D:11     | Killed a cyclops
 12412 | D:11     | Reached XP level 12. HP: 88/88 MP: 19/19
 12560 | D:11     | Found a staircase to the Orcish Mines.
 12603 | D:11     | Found a staircase to the Lair.
 12705 | D:11     | Found Fisash's Book Shop.
 12853 | D:11     | Reached skill level 10 in Invocations
 12950 | Lair:1   | Entered Level 1 of the Lair of Beasts
 13016 | Lair:1   | Noticed a seven-headed hydra
 13032 | Lair:1   | Killed a seven-headed hydra
 13445 | Lair:1   | Noticed a five-headed hydra
 13464 | Lair:1   | Killed a five-headed hydra
 14254 | Lair:2   | Noticed Erica
 14276 | Lair:2   | Killed Erica
 14423 | Lair:2   | Noticed Fannar
 14446 | Lair:2   | Killed Fannar
 15216 | Lair:2   | Reached ****** piety under Makhleb
 15981 | Lair:3   | Noticed a seven-headed hydra
 15998 | Lair:3   | Killed a seven-headed hydra
 15998 | Lair:3   | Reached XP level 13. HP: 86/93 MP: 15/23
 16692 | Lair:3   | Noticed Maud
 16729 | Lair:3   | HP: 3/93 [Maud/long sword of draining (8)]
 16730 | Lair:3   | Demolished by Maud

Vault maps used:
D:1:      dpeg_arrival_water_fire
D:2:      dk_vineyard_2
D:5:      corexii_shack_village, minmay_temple_entry_large_hall, first_bread
D:6:      zin_statuary, lemuel_oklob_altar, uniq_sigmund
D:7:      elyvilon_altar_5, uniq_menkaure
D:8:      grunt_temple_overflow_open, enter_ossuary_5, grunt_ogre_cave
D:9:      gammafunk_temple_overflow_pools, basic_altar, uniq_pikel, uniq_maurice
D:11:     david_lair_generic, david_orc_3, serial_shops, kennysheep_mini,
          basic_altar
Temple:   triangle_lava_temple_12
Lair:1:   infiniplex_staircase_pool
Lair:2:   beast_lair_carwin_8, grunt_megastairs_4, uniq_fannar, uniq_erica
Lair:3:   serial_bayou_shore_a, uniq_maud
Ossuary:  ossuary_zaba_flooded

Action                   |  1- 3 |  4- 6 |  7- 9 | 10-12 | 13-15 || total
-------------------------+-------+-------+-------+-------+-------++-------
Melee: Short sword       |     5 |       |       |       |       ||     5
       Long sword        |    50 |     1 |    19 |   231 |       ||   301
 Fire: Hunting sling     |    70 |   102 |   569 |  1286 |   173 ||  2200
Invok: Lesser Servant of |       |       |       |     8 |       ||     8
  Use: Potion            |       |       |     1 |     3 |       ||     4
       Scroll            |       |       |    16 |     9 |     1 ||    26
 Stab: Sleeping          |     3 |       |       |       |       ||     3
       Distracted        |       |       |       |     3 |       ||     3
  Eat: Chunk             |     4 |     2 |    13 |    19 |     2 ||    40
       Fruit             |     1 |       |       |     3 |       ||     4
       Royal jelly       |       |       |       |     1 |       ||     1
